 Dungeon Crawl Stone Soup version 0.22.1-2-g9c5b331383 (webtiles) character file.

7968 Marnok the Carver (level 11, -7/124 HPs)
             Began as a Human Fighter on Dec 6, 2018.
             Was an Initiate of Ru.
             Mangled by an orc warrior
             ... wielding a +0 halberd
              (11 damage)
             ... on level 2 of the Orcish Mines.
             The game lasted 00:52:53 (10736 turns).

Marnok the Carver (Human Fighter)                  Turns: 10736, Time: 00:52:54

Health: -7/124     AC: 32    Str: 23    XL:     11   Next: 47%
Magic:  2/11       EV:  2    Int:  9    God:    Ru [......]
Gold:   651        SH: 11    Dex: 14    Spells: 10/10 levels left

rFire    + . .     SeeInvis .   t - +4 flail (protect)
rCold    . . .     Gourm    .   c - +0 shield
rNeg     + + +     Faith    .   (armour currently unavailable)
rPois    +         Spirit   .   (helmet currently unavailable)
rElec    .         Reflect  .   (cloak currently unavailable)
rCorr    .         Harm     .   (gloves currently unavailable)
MR       .....     NoTele   +   (boots currently unavailable)
Stlth    ++........             (no amulet)
HPRegen  0.30/turn              D - ring of protection from fire
MPRegen  0.12/turn              (no ring)

@: mighty, lethally poisoned (-7 -> -7), tree-form, protection aura
A: no striking features
a: Sacrifice Drink, Sacrifice Skill, Sacrifice Arcana, Reject Sacrifices,
Renounce Religion


You were on level 2 of the Orcish Mines.
You worshipped Ru.
Ru was noncommittal.
You were not hungry.
You were a tree.
You visited 2 branches of the dungeon, and saw 12 of its levels.

You collected 651 gold pieces.

Inventory:

Hand Weapons
 a - a +2 long sword
 j - a +1 war axe of chopping
 l - a -3 dagger
 p - a -1 flail
 t - a +4 flail of protection (weapon)
 v - a +2 flail of draining
 x - a +5 morningstar
 z - a +3 morningstar
 E - a +2 whip of flaming
 F - a +4 mace
 G - a +3 short sword
 H - a cursed +2 short sword
 K - a +0 short sword of freezing
 L - a +0 short sword of venom
Missiles
 b - 3 curare-tipped needles
Armour
 c - a +0 shield (worn)
 h - a +2 cloak (melded)
 i - the +2 pair of gloves of the Doge (melded) {MP-9 Str+4 Dex+5}
   (You found it on level 9 of the Dungeon)

   It affects your strength (+4).
   It affects your dexterity (+5).
   It affects your magic capacity (-9).
 n - a +0 chain mail
 o - a +0 pair of boots of flying (melded)
 u - the +2 robe of Somewhere Else (melded) {+Blink rF+ Str+4}
   (You found it on level 6 of the Dungeon)

   It affects your strength (+4).
   It protects you from fire.
   It lets you blink.
 w - a +0 pair of gloves
 B - a +0 hat (melded)
 M - a +0 pair of gloves
 N - a +0 robe of cold resistance
 O - a +0 cloak
 S - a +0 troll leather armour
Jewellery
 D - a ring of protection from fire (left branch)
Wands
 J - a wand of iceblast (9)
 Q - a wand of random effects (26)
Scrolls
 r - 3 scrolls of amnesia
 s - 3 scrolls of teleportation
 C - 3 scrolls of identify
 P - a scroll of enchant weapon
Potions
 d - a potion of ambrosia
 g - 2 potions of cancellation
 m - 3 potions of brilliance
 q - 2 potions of flight
 A - 3 potions of agility
Comestibles
 f - 12 rations
 R - 4 chunks of flesh


   Skills:
 + Level 6.8 Fighting
 + Level 9.7 Long Blades
 + Level 5.6 Maces & Flails
 + Level 7.4 Armour
 + Level 4.5 Dodging
 + Level 2.1 Stealth
 + Level 8.2 Shields
 + Level 0.4 Evocations


You had 10 spell levels left.
You didn't know any spells.
Your spell library contained the following spells:

 Spells                   Type           Power        Failure   Level  Hunger
 Animate Skeleton         Necr           N/A          67%         1    ##.....
 Pain                     Necr           #...         67%         1    ##.....
 Regeneration             Chrm/Necr      #.........   96%         3    ####...
 Vampiric Draining        Necr           #.........   96%         3    ####...
 Animate Dead             Necr           N/A          100%        4    #####..


Dungeon Overview and Level Annotations

Branches:
Dungeon (10/15)            Temple (0/1) D:7             Orc (2/2) D:9
   Lair: D:8-11         Elf: Orc:2

Altars:
Nemelex Xobeh
Ru
Xom

Annotations:
D:4 1 transporter


Message History

You block the orc's attack. x2
You turn into a tree.
Your +2 cloak melds into your body.
Your +0 hat melds into your body.
The +2 pair of gloves of the Doge {MP-9 Str+4 Dex+5} melds into your body.
Your +0 pair of boots of flying melds into your body.
The +2 robe of Somewhere Else {+Blink rF+ Str+4} melds into your body.
You float gracefully downwards.
Your roots penetrate the ground.
You feel sick.
The orc warrior hits you but does no damage.
The orc hits you with a dagger.
* * * LOW HITPOINT WARNING * * *
The orc hits you but does no damage.
You barely miss the orc.
The orc is almost dead.
You block the orc warrior's attack. You block the orc's attack.
The orc hits you but does no damage.
You sock the orc!
You kill the orc!
You feel sick.
The orc warrior hits you from afar with a halberd!
You die...

#.......... ...........
### ...#...$..# ##.##
##.......... #...#
##........... #♣#
#............
##)####............
..#.oo.#.#.......<...
#.....................
#.....................
#..###............[...
#...........#..........
##.........##..........
#.........#...........


You could see an orc warrior and an orc.

Vanquished Creatures
  Gastronok (D:9)
  Pikel (D:8)
  A slime creature (D:7)
  4 trolls
  A hippogriff (D:8)
  A wyvern (D:8)
  A wraith (D:9)
  A hungry ghost (D:8)
  Grum (D:9)
  Edmund (D:6)
  Menkaure (D:6)
  4 orc warriors
  5 ice beasts
  3 phantoms
  2 wolves (D:9)
  6 ogres
  2 centaurs
  A big kobold (D:8)
  3 bullfrogs
  3 scorpions
  7 wights
  2 howler monkeys
  3 bullfrog zombies
  2 crimson imps
  A quasit (D:6)
  8 hounds
  A centaur skeleton (D:5)
  2 orc priests (D:9)
  8 orc wizards
  A bullfrog skeleton (D:9)
  6 iguanas
  3 worker ants
  A killer bee zombie (D:5)
  2 hound skeletons
  A worker ant zombie (D:6)
  3 gnolls (D:2)
  6 adders
  3 shadow imps
  3 oozes
  An adder zombie (D:9)
  A dart slug (D:1)
  6 leopard geckos
  31 orcs
  8 giant cockroaches
  10 hobgoblins
  8 jackals
  4 kobolds
  3 quokkas
  A ball python (D:2)
  8 bats
  4 frilled lizards
  14 goblins
  A jackal skeleton (D:7)
  A leopard gecko skeleton (D:5)
  2 leopard gecko zombies
  A quokka zombie (D:6)
  5 rats
215 creatures vanquished.

Vanquished Creatures (others)
  2 slaves (D:8)
  A big kobold (D:8)
  A hound (D:8)
  An orc priest (D:8)
  3 orcs (D:8)
  3 kobolds (D:8)
11 creatures vanquished.

Grand Total: 226 creatures vanquished

Notes
Turn   | Place    | Note
-------+----------+-------------------------------------------
     0 | D:1      | Marnok the Human Fighter began the quest for the Orb.
     0 | D:1      | Reached XP level 1. HP: 18/18 MP: 1/1
   129 | D:1      | Reached XP level 2. HP: 12/24 MP: 2/2
   236 | D:1      | You fall through a shaft!
   284 | D:2      | Reached XP level 3. HP: 24/29 MP: 3/3
   742 | D:2      | Reached XP level 4. HP: 35/35 MP: 4/4
   952 | D:2      | Noticed an ice beast
   963 | D:2      | Killed an ice beast
   963 | D:2      | Reached skill level 3 in Long Blades
   963 | D:2      | Reached skill level 1 in Dodging
   963 | D:2      | Reached XP level 5. HP: 5/41 MP: 5/5
  1924 | D:1      | Reached XP level 6. HP: 47/47 MP: 6/6
  2612 | D:3      | Found a sacrificial altar of Ru.
  2619 | D:3      | Became a worshipper of Ru the Awakened
  2822 | D:4      | Noticed an ogre
  2830 | D:4      | Killed an ogre
  2830 | D:4      | Reached skill level 4 in Long Blades
  3192 | D:5      | Entered Level 5 of the Dungeon
  3220 | D:4      | Reached XP level 7. HP: 49/53 MP: 7/7
  3254 | D:4      | Found a transporter.
  3447 | D:4      | You fall through a shaft!
  3750 | D:6      | Reached skill level 5 in Long Blades
  3810 | D:5      | Reached skill level 5 in Shields
  3935 | D:5      | Reached XP level 8. HP: 52/60 MP: 8/8
  4875 | D:5      | Reached skill level 6 in Long Blades
  4875 | D:5      | Reached skill level 5 in Armour
  5314 | D:6      | Noticed Edmund
  5336 | D:6      | Killed Edmund
  5525 | D:6      | Got an opalescent robe
  5841 | D:6      | Reached XP level 9. HP: 66/66 MP: 9/9
  5875 | D:6      | Noticed Menkaure
  5881 | D:6      | Killed Menkaure
  5881 | D:6      | Reached skill level 7 in Long Blades
  6026 | D:7      | Noticed a slime creature
  6062 | D:7      | Killed a slime creature
  6062 | D:7      | Reached skill level 5 in Fighting
  6370 | D:7      | Reached skill level 8 in Long Blades
  6915 | D:7      | Found a staircase to the Ecumenical Temple.
  7092 | D:7      | Found a shimmering altar of Xom.
  7174 | D:8      | Noticed Pikel
  7189 | D:8      | Killed Pikel
  7189 | D:8      | Reached skill level 9 in Long Blades
  7189 | D:8      | Reached XP level 10. HP: 42/76 MP: 10/10
  8360 | D:8      | Identified a scroll of acquirement
  8377 | D:8      | Identified the +2 robe of Somewhere Else {+Blink rF+ Str+4}
                  | (You found it on level 6 of the Dungeon)
  9083 | D:9      | Got a pair of encrusted gloves
  9100 | D:9      | Identified the +2 pair of gloves of the Doge {MP-9 Str+4
                  | Dex+5} (You found it on level 9 of the Dungeon)
  9111 | D:9      | Noticed Grum
  9118 | D:9      | Reached skill level 1 in Stealth
  9254 | D:9      | Killed Grum
  9254 | D:9      | Reached skill level 1 in Maces & Flails
  9562 | D:9      | Found a staircase to the Orcish Mines.
  9808 | D:9      | Reached XP level 11. HP: 64/83 MP: 2/11
  9821 | D:9      | Found a sparkling altar of Nemelex Xobeh.
  9873 | D:9      | Noticed Gastronok
  9895 | D:9      | Killed Gastronok
  9895 | D:9      | Reached skill level 5 in Maces & Flails
 10309 | D:10     | Entered Level 10 of the Dungeon
 10496 | Orc:1    | Entered Level 1 of the Orcish Mines
 10546 | Orc:2    | Entered Level 2 of the Orcish Mines
 10734 | Orc:2    | HP: 6/124 [poisoned by an orc wizard]
 10736 | Orc:2    | Mangled by an orc warrior

Skill      XL: |  1  2  3  4  5  6  7  8  9 10 11 |
---------------+----------------------------------+-----
Long Blades    | 3 4 5 6 9 |  9.7
Dodging        | 1 2 3 4 |  4.5
Shields        | 4 5 6 7 8 |  8.2
Armour         | 4 5 6 7 |  7.4
Fighting       | 4 6 |  6.8
Stealth        | 1 2 |  2.1
Maces & Flails | 3 5 |  5.6
Evocations     | |  0.4

Action                   |  1- 3 |  4- 6 |  7- 9 | 10-12 || total
-------------------------+-------+-------+-------+-------++-------
Melee: Long sword        |   110 |   158 |   457 |   141 ||   866
       Flail             |       |       |       |   202 ||   202
 Abil: Evoke Blink       |       |       |       |     1 ||     1
  Use: Scroll            |     2 |     9 |     4 |     9 ||    24
       Potion            |     1 |     8 |     2 |     3 ||    14
 Stab: Sleeping          |       |       |       |     1 ||     1
  Eat: Chunk             |       |     4 |       |     8 ||    12
       Ration            |       |     1 |     4 |     4 ||     9
Armor: Scale mail        |    49 |    16 |       |       ||    65
       Chain mail        |       |    72 |   224 |    71 ||   367
       Robe              |       |       |       |    81 ||    81
       Skin              |       |       |       |     3 ||     3
Dodge: Dodged            |    31 |    44 |   101 |   162 ||   338
Block: Shield            |    66 |    89 |   240 |   271 ||   666
       Rpst.: Long sword |     6 |    15 |    32 |     5 ||    58
